 Dungeon Crawl Stone Soup version 0.15-a0-1632-gd490d05 (webtiles) character file.

95139 PolkaDot the Unseen (level 15, -12/108 HPs)
             Began as a Vampire Enchanter on June 21, 2014.
             Was the Champion of Ashenzari.
             Mangled by an orc warrior
             ... wielding a +0 battleaxe
              (37 damage)
             ... on Level 4 of the Orcish Mines.
             The game lasted 02:50:06 (31254 turns).

PolkaDot the Unseen (Vampire Enchanter)            Turns: 31254, Time: 02:50:06

HP -12/108       AC 14     Str  7      XL: 15   Next: 65%
MP  17/29        EV 12     Int 22      God: Ashenzari [******]
Gold 3156        SH  6     Dex 14      Spells:  8 memorised,  4 levels left

rFire  . . .     SeeInvis +     a - +6 dagger (freeze) (curse)
rCold  + + .     Clarity  +     e - +0 troll leather armour (curse)
rNeg   + + +     rCorr    .     q - +0 buckler (curse)
rPois  +         rRot     +     l - +0 helmet {SInv} (curse)
rElec  .         Spirit   .     v - +0 cloak (curse)
SustAb .         Warding  +     m - +1 pair of gloves
rMut   .         Stasis   .     D - +0 pair of boots (curse)
Gourm  .                        h - amulet of warding
MR     +....                    i - cursed ring of stealth
                                o - cursed ring of stealth

@: about to teleport, bloodless, non-regenerating, somewhat resistant to hostile
enchantments, uncannily stealthy
A: bottle blood, fangs 3, iridescent scales 1, see invisible, sense surroundings
1, unbreathing
a: Bat Form, Bottle Blood, Scrying, Transfer Knowledge, Renounce Religion


You were on level 4 of the Orcish Mines.
You worshipped Ashenzari.
Ashenzari was exalted by your worship.
You were bloodless.

You visited 4 branches of the dungeon, and saw 28 of its levels.
You also visited: Ice Cave.

You collected 3156 gold pieces.

Inventory:

Hand weapons
 a - a cursed +6 dagger of freezing (weapon)
Missiles
 u - 4 throwing nets (quivered)
Armour
 e - a cursed +0 troll leather armour (worn)
 l - a cursed +0 helmet of see invisible (worn)
 m - a +1 pair of gloves (worn)
 q - a cursed +0 buckler (worn)
 v - a cursed +0 cloak (worn)
 D - a cursed +0 pair of boots (worn)
Magical devices
 d - a wand of polymorph (12)
 r - a wand of digging (17)
 x - a wand of cold (7)
 J - a wand of slowing (14)
 M - a wand of confusion (11)
Scrolls
 g - 3 scrolls of immolation
 k - 5 scrolls of fog
 n - 5 scrolls of teleportation
 s - 3 scrolls of magic mapping
 t - a scroll of blinking
 w - 2 scrolls of amnesia
 y - 4 scrolls of vulnerability
 z - 9 scrolls of remove curse
 A - 3 scrolls of curse weapon
 B - 2 scrolls of recharging
 C - a scroll of summoning
 F - a scroll of fear
 G - 2 scrolls of torment
 H - a scroll of acquirement {unknown}
Jewellery
 h - an amulet of warding (around neck)
 i - a cursed ring of stealth (right hand)
 o - a cursed ring of stealth (left hand)
 E - an uncursed ring of protection from magic
Potions
 b - 3 potions of cure mutation {!q}
 c - a potion of haste
 f - a potion of flight
 j - 3 potions of restore abilities
 p - a potion of curing
 L - 2 potions of agility


   Skills:
 - Level 7.5 Fighting
 - Level 14.0(18.0) Short Blades
 - Level 4.2 Armour
 - Level 2.1(4.4) Dodging
 + Level 20.7(22.9) Stealth
 - Level 5.0(8.0) Shields
 - Level 6.6 Spellcasting
 + Level 19.5(21.8) Hexes
 * Level 3.9(6.7) Charms
 - Level 6.1(9.2) Transmutations
 - Level 1.2(3.1) Ice Magic


You had 4 spell levels left.
You knew the following spells:

 Your Spells              Type           Power        Failure   Level  Hunger
a - Corona                Hex            #######      0%          1    None
b - Sure Blade            Hex/Chrm       ######....   1%          2    None
c - Confuse               Hex            #######.     0%          3    #......
d - Ensorcelled Hibernat  Hex/Ice        ######       1%          2    None
e - Enslavement           Hex            #######.     0%          4    ###....
p - Passwall              Trmt/Erth      ####......   4%          3    #......
s - Dazzling Spray        Conj/Hex       ######..     1%          3    #......
v - Summon Mana Viper     Hex/Summ       ######..     2%          5    #####..


Dungeon Overview and Level Annotations

Branches:
Dungeon (15/15)            Temple (1/1) D:4             Orc (4/4) D:10
    Elf (0/3) Orc:3          Lair (8/8) D:9          Shoals (0/5) Lair:6
 Spider (0/5) Lair:4        Slime (0/6) Lair:6       Vaults (0/5) D:13
 Depths (0/5) D:15

Altars:
Ashenzari
Cheibriados
Dithmenos
Elyvilon
Fedhas
Gozag
Kikubaaqudgha
Makhleb
Nemelex Xobeh
Okawaru
Qazlal
Sif Muna
Trog
Vehumet
Xom
Yredelemnul
Zin
The Shining One
Beogh
Jiyva

Shops:
D:10 (   Orc:1 (

Annotations:
Lair:7 exclusions: feature mimic and 7 oklob plants


Innate Abilities, Weirdness & Mutations

You do not heal naturally.
You can bottle blood from corpses.
You have razor-sharp teeth.*
You have supernaturally acute eyesight.
You can survive without breathing.*
You are partially covered in iridescent scales (AC +4).*
You passively map a small area around you.


Message History

Press: ? - help, Shift-Dir - straight line, f - orc warrior
Aim: an orc warrior, wielding a short sword and wearing a plate armour (severely wounded, consumed by blood-lust)
The orc warrior looks drowsy...
The orc warrior hits you with a dire flail!!
* * * LOW HITPOINT WARNING * * *
Unknown command.
The helpless orc warrior fails to defend itself.
You bite the orc warrior, and draw its blood!
You feel better.
You feel slightly less thirsty.
You skewer the orc warrior like a kebab!!!!!
You freeze the orc warrior.
You kill the orc warrior!
Unknown command.
Read which item? (? for menu, Esc to quit)
As you read the scroll of teleportation, it crumbles to dust.
You feel strangely unstable.
The orc warrior hits you with a dire flail!
* * * LOW HITPOINT WARNING * * *
The orc warrior hits you with a battleaxe!!!
You die...

* , ##..#*### ,,,, #....##.##
*** * , *#..##...#### , , ,, ,
, ###...##...#.### ,,,,,
##.##...........## * * ,{ *
#...#............# * .
*#............#... ** *
*,..########....<..........
,,, ,
,....{{{#@o.)...#........# ,
,,,....{{{o#ooZ#..........###
, , ,
.o...{{.oo.#............#. ,,
,,,,o..{{{{§oo)...............
, ..{..o..4...............# ,,
,, ,,.o.{.....................
,,,
,,..........##.............
,,, ,,,,
......#..##............. , ,
,, ,,.....#..#.#.....#...#..


You could see an iron devil, an orc sorcerer (frenzied), 3 orc warriors, an orc
priest (frenzied), 2 orc wizards, an orc (frenzied) and an orc zombie.

Vanquished Creatures
  Frances (D:15)
  Gastronok (D:10)
  The ghost of aimeelou the Swashbuckler, a powerful HaAs of Dithmenos (D:14)
  Snorg (Lair:3)
  The ghost of TrUlster the Basher, a powerful OgWr of Cheibriados (D:10)
  The ghost of Chiseanne the Unseen, a powerful SpAs of Gozag (Lair:3)
  Harold (Lair:2)
  5 hydras
  An ogre mage (D:15)
  The ghost of hackum the Nimble, a powerful OpFi of Gozag (D:12)
  5 death yaks (Lair:7)
  4 centaur warriors
  2 orc high priests
  Nergalle (Lair:5)
  4 skeletal warriors (D:15)
  An unseen horror (D:13)
  Erolcha (D:9)
  The ghost of Pereza0 the Reanimator, an experienced DsNe of Kikubaaqudgha (D:8)
  An ice statue (IceCv)
  4 hill giants
  A wizard (D:14)
  Pikel (D:7)
  A harpy (shapeshifter) (D:13)
  A red wasp (shapeshifter) (D:15)
  Joseph (Orc:3)
  2 deep elf conjurers (D:15)
  3 griffons
  2 cyclopes
  2 manticores
  An oklob plant (Lair:2)
  7 elephants
  3 orc knights
  A wolf spider (D:15)
  A black mamba (Lair:1)
  Maurice (Orc:1)
  14 spiny frogs
  Psyche (D:9)
  8 komodo dragons
  3 feature mimics
  A torpor snail (Lair:8)
  A kobold demonologist (D:12)
  A fire drake (Lair:8)
  7 trolls
  3 merfolk (Lair:6)
  3 yaktaurs (D:15)
  A wind drake (shapeshifter) (D:13)
  3 centaur skeletons
  A spriggan druid (Lair:8)
  5 two-headed ogres
  A hydra zombie (D:15)
  6 polar bears
  20 blink frogs
  2 slime creatures (D:15)
  A boulder beetle (shapeshifter) (D:15)
  4 wraiths
  A griffon zombie (D:11)
  A trapdoor spider (D:14)
  A basilisk (Lair:3)
  10 spriggans (Lair:8)
  2 deep elf magi
  A tarantella (shapeshifter) (D:13)
  40 yaks
  A vampire (D:13)
  A fire elemental (D:14)
  4 redbacks (Lair:8)
  28 ugly things
  8 sharks
  A shadow (D:14)
  A hill giant zombie (D:13)
  3 wyverns
  A deep elf fighter (D:15)
  A vampire mosquito (D:14)
  3 hungry ghosts
  11 hippogriffs
  39 wolves
  A warg (Orc:4)
  A mottled dragon (D:14)
  A tengu zombie (D:14)
  Edmund (D:6)
  Menkaure (D:6)
  9 porcupines
  A human skeleton (D:11)
  16 water moccasins
  10 black bears
  10 ice beasts
  4 phantoms
  3 yellow wasps (Lair:8)
  22 centaurs
  16 ogres
  A necrophage (D:6)
  19 orc warriors
  2 boring beetles
  2 lava worms (D:14)
  An orc skeleton (D:15)
  2 brain worms
  2 big kobolds
  7 crocodiles
  24 giant frogs
  3 scorpions
  A yak zombie (D:9)
  A yak skeleton (D:10)
  An eye of draining (D:11)
  3 wights (D:14)
  2 electric eels
  2 vampire bats (D:9)
  6 killer bees
  2 troll skeletons
  2 goliath beetles
  2 crimson imps
  11 hounds
  10 jellies
  15 two-headed ogre zombies (D:9)
  2 giant frog skeletons
  26 orc priests
  35 orc wizards
  4 big fish
  2 quasits
  10 iguanas
  9 worker ants
  6 sheep (Lair:2)
  A big kobold zombie (D:11)
  A big kobold skeleton (D:11)
  A mottled dragon skeleton (D:11)
  2 mummies
  2 gnolls (D:8)
  25 adders
  60 green rats
  4 shadow imps
  A giant mite (D:2)
  3 worms
  4 giant geckos
  177 orcs
  2 ball pythons (D:4)
  23 bats
  5 bat skeletons
  2 bat zombies
  7 giant cockroaches
  A gnoll zombie (D:8)
  6 hobgoblins
  16 kobolds
  11 quokkas
  A ball python skeleton (D:4)
  A giant cockroach zombie (D:5)
  7 giant newts
  4 giant spores
  14 goblins
  A goblin zombie (D:5)
  7 jackals
  3 orc zombies
  29 rats
  A rat skeleton (D:4)
  A rat zombie (D:8)
  35 ballistomycetes
  A fungus (Orc:4)
  6 plants
1086 creatures vanquished.

Vanquished Creatures (collateral kills)
  An ice statue (IceCv)
  A griffon (Lair:8)
  An elephant (Lair:8)
  A kobold demonologist (D:12)
  3 slime creatures (D:14)
  3 vampire mosquitoes (D:14)
  2 big kobolds (D:12)
  A giant frog (D:12)
  6 orc wizards
  2 orc priests (D:10)
  A gnoll (D:8)
  A shadow imp (D:12)
  A white imp (D:12)
  An ufetubus (D:12)
  22 orcs
  5 kobolds (D:12)
  2 orc zombies (Orc:4)
54 creatures vanquished.

Vanquished Creatures (others)
  5 mana vipers
  2 slaves (D:7)
  An orc wizard (D:7)
  3 orcs
  3 giant spores
  3 ballistomycetes
  17 fungi
  8 plants
42 creatures vanquished.

Grand Total: 1182 creatures vanquished

Notes
Turn   | Place    | Note
--------------------------------------------------------------
     0 | D:1      | PolkaDot, the Vampire Enchanter, began the quest for the Orb.
     0 | D:1      | Reached XP level 1. HP: 13/13 MP: 3/3
   333 | D:1      | Reached XP level 2. HP: 11/19 MP: 1/4
   533 | D:1      | Learned a level 2 spell: Ensorcelled Hibernation
   535 | D:1      | Reached skill level 1 in Ice Magic
   957 | D:2      | Reached XP level 3. HP: 24/24 MP: 0/6
  1319 | D:2      | HP: 1/24 [worm (8)]
  1380 | D:2      | Reached skill level 5 in Hexes
  1807 | D:2      | Reached skill level 5 in Stealth
  1827 | D:2      | Reached XP level 4. HP: 30/30 MP: 0/7
  2606 | D:3      | Reached skill level 6 in Hexes
  2779 | D:3      | Found a radiant altar of Vehumet.
  2779 | D:3      | Found a snail-covered altar of Cheibriados.
  3094 | D:4      | Gained mutation: You passively map a small area around you. [potion of beneficial mutation]
  3191 | D:4      | Reached XP level 5. HP: 10/35 MP: 9/9
  3196 | D:4      | Learned a level 3 spell: Confuse
  3541 | D:4      | Found a staircase to the Ecumenical Temple.
  3552 | D:4      | Reached skill level 7 in Hexes
  3567 | Temple   | Entered the Ecumenical Temple
  3576 | Temple   | Became a worshipper of Ashenzari the Shackled
  3704 | D:4      | Noticed an ogre
  3719 | D:4      | Killed an ogre
  3719 | D:4      | Reached XP level 6. HP: 41/41 MP: 10/10
  3781 | D:4      | Identified the +6 mace of Eblo {freeze, *Tele rN+ Str+2 Stlth+}
  3852 | D:4      | Noticed an ogre
  3858 | D:4      | Killed an ogre
  3858 | D:4      | Reached skill level 1 in Shields
  3858 | D:4      | Reached skill level 8 in Hexes
  4203 | D:5      | Entered Level 5 of the Dungeon
  4786 | D:5      | Reached XP level 7. HP: 29/46 MP: 4/12
  5442 | D:6      | Learned a level 4 spell: Enslavement
  5444 | D:6      | Acquired Ashenzari's first power
  5590 | D:6      | Noticed Menkaure
  5597 | D:6      | Killed Menkaure
  5597 | D:6      | Reached skill level 9 in Hexes
  5676 | D:6      | Reached XP level 8. HP: 52/52 MP: 13/13
  5678 | D:6      | Noticed Edmund
  5687 | D:6      | Killed Edmund
  5861 | D:7      | Identified the +2 leather armour of the Demon Prince {+Blink +Rage MR++ Slay-2 Stlth++}
  6099 | D:7      | Reached skill level 5 in Shields
  6250 | D:7      | Reached skill level 10 in Hexes
  6263 | D:7      | Found a bloodstained altar of Trog.
  6263 | D:7      | Noticed Pikel
  6300 | D:7      | Killed Pikel
  6300 | D:7      | Reached skill level 10 in Stealth
  6493 | D:7      | Found a shimmering altar of Xom.
  6684 | D:7      | Reached XP level 9. HP: 57/57 MP: 11/14
  6848 | D:8      | Reached skill level 5 in Short Blades
  6918 | D:8      | Acquired Ashenzari's second power
  6944 | D:8      | Reached skill level 11 in Hexes
  7093 | D:8      | Noticed Pereza0's ghost (experienced DsNe)
  7142 | D:8      | Killed Pereza0's ghost
  7630 | D:9      | Found a staircase to the Lair.
  7767 | D:9      | Reached skill level 12 in Stealth
  7767 | D:9      | Reached XP level 10. HP: 29/63 MP: 16/16
  7878 | D:9      | Acquired Ashenzari's third power
  7921 | D:9      | Noticed Psyche
  7927 | D:9      | Killed Psyche
  7927 | D:9      | Reached skill level 1 in Armour
  8012 | D:9      | Found an ancient bone altar of Kikubaaqudgha.
  8428 | D:9      | Learned a level 3 spell: Passwall
  8687 | D:9      | Noticed Erolcha
  8826 | D:9      | Killed Erolcha
  8826 | D:9      | Reached skill level 13 in Stealth
  9050 | D:9      | Found a sparkling altar of Nemelex Xobeh.
  9280 | D:10     | Entered Level 10 of the Dungeon
  9313 | Lair:1   | Entered Level 1 of the Lair of Beasts
  9333 | Lair:1   | Gained mutation: You are partially covered in iridescent scales (AC +4). [potion of beneficial mutation]
  9444 | Lair:1   | Noticed a seven-headed hydra
  9453 | Lair:1   | Killed a seven-headed hydra
  9453 | Lair:1   | Reached XP level 11. HP: 68/68 MP: 17/17
  9470 | Lair:1   | Noticed a black mamba
  9476 | Lair:1   | Killed a black mamba
  9636 | Lair:1   | Reached skill level 14 in Stealth
  9925 | Lair:1   | Reached skill level 10 in Short Blades
 10657 | Lair:2   | Noticed Harold
 10672 | Lair:2   | Killed Harold
 11368 | Lair:2   | Reached skill level 15 in Stealth
 11916 | Lair:3   | Acquired Ashenzari's fourth power
 11983 | Lair:3   | Noticed Snorg
 11991 | Lair:3   | Killed Snorg
 11991 | Lair:3   | Reached XP level 12. HP: 74/74 MP: 18/18
 12463 | Lair:3   | Noticed Chiseanne's ghost (powerful SpAs)
 12481 | Lair:3   | Killed Chiseanne's ghost
 12779 | Lair:4   | Reached skill level 15 in Hexes
 13125 | Lair:4   | Found a hole to the Spider Nest.
 14038 | Lair:5   | Noticed Nergalle
 14051 | Lair:5   | Killed Nergalle
 14304 | Lair:5   | Reached skill level 16 in Stealth
 15610 | Lair:6   | Noticed an eight-headed hydra
 15611 | Lair:6   | Killed an eight-headed hydra
 15630 | Lair:6   | Found a staircase to the Slime Pits.
 16063 | Lair:6   | Reached XP level 13. HP: 79/79 MP: 19/19
 16507 | Lair:6   | Found a staircase to the Shoals.
 16817 | Lair:7   | Learned a level 3 spell: Dazzling Spray
 16946 | Lair:7   | Reached skill level 17 in Stealth
 17176 | Lair:7   | Found a staircase to the Slime Pits.
 17177 | Lair:7   | the staircase to the Slime Pits was a mimic.
 17209 | Lair:7   | Identified the ring of the Shining Light {rPois Int+4}
 17453 | Lair:7   | Learned a level 2 spell: Sure Blade
 18330 | Lair:8   | Entered Level 8 of the Lair of Beasts
 18495 | Lair:8   | Reached skill level 5 in Spellcasting
 19206 | Lair:8   | Reached skill level 18 in Stealth
 19219 | Lair:8   | Learned a level 5 spell: Summon Mana Viper
 19262 | Lair:8   | Reached skill level 1 in Fighting
 19482 | Lair:8   | Reached XP level 14. HP: 91/91 MP: 18/28
 20189 | Lair:8   | Found a viscous altar of Jiyva.
 20189 | Lair:8   | Found a staircase to the Slime Pits.
 20189 | Lair:8   | the staircase to the Slime Pits was a mimic.
 20875 | D:10     | Found Ynwul's Weapon Boutique.
 20937 | D:10     | Noticed Gastronok
 20956 | D:10     | Killed Gastronok
 21516 | D:10     | Noticed TrUlster's ghost (powerful OgWr)
 21525 | D:10     | Killed TrUlster's ghost
 21731 | D:10     | Found a staircase to the Orcish Mines.
 22351 | D:11     | Reached skill level 5 in Fighting
 22612 | D:11     | Reached skill level 19 in Stealth
 23472 | D:12     | Found a frozen archway.
 23513 | IceCv    | Entered an ice cave
 24138 | D:12     | Noticed hackum's ghost (powerful OpFi)
 24186 | D:12     | Killed hackum's ghost
 24717 | D:13     | Found an opulent altar of Gozag.
 24782 | D:13     | Found a gate to the Vaults.
 25513 | D:14     | Noticed aimeelou's ghost (powerful HaAs)
 25530 | D:14     | Killed aimeelou's ghost
 25625 | D:14     | Reached skill level 1 in Transmutations
 26016 | D:14     | Reached XP level 15. HP: 108/108 MP: 24/29
 26206 | D:14     | Identified a +0 rod of striking (12/12)
 26962 | D:15     | Entered Level 15 of the Dungeon
 27099 | D:15     | Reached skill level 20 in Stealth
 27373 | D:15     | Found a staircase to the Depths.
 27386 | D:15     | Noticed Frances
 27393 | D:15     | Killed Frances
 27393 | D:15     | Reached skill level 5 in Transmutations
 27397 | D:15     | Found a sparkling altar of Nemelex Xobeh.
 28323 | Orc:1    | Entered Level 1 of the Orcish Mines
 28324 | Orc:1    | Noticed Maurice
 28333 | Orc:1    | Killed Maurice
 28333 | Orc:1    | Reached skill level 1 in Charms
 28787 | Orc:1    | Found Thohaf's Weapon Boutique.
 28853 | Orc:1    | Found a roughly hewn altar of Beogh.
 29690 | Orc:2    | Found a roughly hewn altar of Beogh.
 29824 | Orc:2    | Found a roughly hewn altar of Beogh.
 30138 | Orc:3    | Noticed Joseph
 30164 | Orc:3    | Killed Joseph
 30224 | Orc:3    | Found a staircase to the Elven Halls.
 30760 | Orc:4    | Entered Level 4 of the Orcish Mines
 31254 | Orc:4    | Mangled by an orc warrior

Action                   |  1- 3 |  4- 6 |  7- 9 | 10-12 | 13-15 || total
-------------------------+-------+-------+-------+-------+-------++-------
Melee: Dagger            |    81 |   147 |   149 |   605 |  1412 ||  2394
 Cast: Corona            |     7 |       |     1 |     2 |    10 ||    20
       Ensorcelled Hiber |    19 |    30 |    40 |   213 |   339 ||   641
       Confuse           |       |     2 |    15 |    27 |    62 ||   106
       Enslavement       |       |       |     3 |     1 |    11 ||    15
       Passwall          |       |       |       |     2 |     1 ||     3
       Dazzling Spray    |       |       |       |       |    54 ||    54
       Summon Mana Viper |       |       |       |       |    18 ||    18
       Sure Blade        |       |       |       |       |     3 ||     3
Evoke: Wand              |       |       |       |     6 |     4 ||    10
  Use: Scroll            |       |    20 |     4 |    22 |    15 ||    61
       Potion            |       |     2 |     1 |     7 |    22 ||    32
 Stab: Sleeping          |    17 |    58 |    56 |   215 |   356 ||   702
       Distracted        |       |     3 |       |     8 |    20 ||    31
       Confused          |       |     1 |     9 |    20 |    48 ||    78
       Invisible         |       |       |     2 |       |    15 ||    17
       Betrayed ally     |       |       |       |     1 |     2 ||     3
